 Dungeon Crawl Stone Soup version 0.22.1-2-g9c5b331 (webtiles) character file.

200 Malhgor the Cleaver (level 5, -2/45 HPs)
             Began as a Hill Orc Monk on Dec 1, 2018.
             Slain by a gnoll
             ... wielding a +3 halberd of protection
              (5 damage)
             ... on level 3 of the Dungeon.
             The game lasted 00:09:00 (2166 turns).

Malhgor the Cleaver (Hill Orc Monk)                 Turns: 2166, Time: 00:09:00

Health: -2/45      AC: 11    Str: 15    XL:     5   Next: 78%
Magic:  5/5        EV:  4    Int: 10    God:
Gold:   98         SH:  0    Dex: 13    Spells: 4/4 levels left

rFire    . . .     SeeInvis .   a - +0 hand axe
rCold    . . .     Gourm    .   (no shield)
rNeg     . . .     Faith    .   r - +0 plate armour
rPois    +         Spirit   .   (no helmet)
rElec    .         Reflect  .   (no cloak)
rCorr    .         Harm     .   (no gloves)
MR       .....                  j - +0 pair of boots
Stlth    ..........             (no amulet)
HPRegen  0.15/turn              p - ring of poison resistance
MPRegen  0.09/turn              (no ring)

@: no status effects
A: no striking features
a: no special abilities


You were on level 3 of the Dungeon.
You were not hungry.

You visited 1 branch of the dungeon, and saw 3 of its levels.

You collected 98 gold pieces.

Inventory:

Hand Weapons
 a - a +0 hand axe (weapon)
Missiles
 g - 81 stones (quivered)
Armour
 j - a +0 pair of boots (worn)
 r - a +0 plate armour (worn)
Jewellery
 p - a ring of poison resistance (left hand)
Scrolls
 d - a scroll of remove curse {unknown}
 f - 2 scrolls of identify {unknown}
 k - 2 scrolls of teleportation {unknown}
 m - a scroll of enchant weapon {unknown}
 o - a scroll of blinking {unknown}
 q - a scroll of random uselessness {unknown}
Potions
 b - a potion of haste {unknown}
 e - a potion of curing {unknown}
 h - a potion of degeneration {unknown}
 l - a potion of lignification {unknown}
 n - 2 potions of experience {unknown}
 s - a potion of might {unknown}
 t - a potion of brilliance {unknown}
Comestibles
 c - 3 rations
 i - 4 chunks of flesh


   Skills:
 - Level 3.6 Fighting
 + Level 8.3 Axes
 - Level 2.4 Dodging
 - Level 1.5 Stealth


You had 4 spell levels left.
You didn't know any spells.
Your spell library was empty.

Dungeon Overview and Level Annotations

Branches:
Dungeon (3/15)

Altars:

Annotations:
D:1 Done
D:2 Done


Message History

You barely miss the gnoll. The gnoll barely misses you.
Your plate armour prevents you from hitting the gnoll.
You hit the gnoll but do no damage.
The gnoll hits you with a halberd of protection!
* * * LOW HITPOINT WARNING * * *
You hit the gnoll but do no damage. The gnoll hits you but does no damage.
You hit the gnoll.
The gnoll is lightly wounded.
The gnoll hits you with a halberd of protection.
* * * LOW HITPOINT WARNING * * *
You hit the gnoll but do no damage.
The gnoll is lightly wounded.
You slash the gnoll!
The gnoll is severely wounded.
The gnoll hits you with a halberd of protection!
* * * LOW HITPOINT WARNING * * *
You hit the gnoll but do no damage.
The gnoll is severely wounded.
The gnoll hits you with a halberd of protection.
You die...

############
#..........#
#..........#
####..........#
#@g...........#
#.##..<.......#
###.....#########
###.##.%.>####
.....gg..###
....(.#### ......
..... ....g


You could see a gnoll.

Vanquished Creatures
  A phantom (D:2)
  3 gnolls (D:2)
  3 adders
  An ooze (D:1)
  A worm (D:1)
  A dart slug (D:2)
  2 leopard geckos (D:1)
  5 bats
  3 giant cockroaches
  5 goblins
  3 hobgoblins
  5 kobolds
  2 quokkas
  A ball python (D:2)
  3 frilled lizards
  11 rats
50 creatures vanquished.

Notes
Turn   | Place    | Note
-------+----------+-------------------------------------------
     0 | D:1      | Malhgor the Hill Orc Monk began the quest for the Orb.
     0 | D:1      | Reached XP level 1. HP: 19/19 MP: 1/1
   259 | D:1      | Reached XP level 2. HP: 24/26 MP: 2/2
   430 | D:1      | Reached skill level 5 in Axes
   460 | D:1      | Reached XP level 3. HP: 12/31 MP: 3/3
   771 | D:2      | Reached skill level 6 in Axes
  1199 | D:2      | Noticed a phantom
  1288 | D:2      | Killed a phantom
  1288 | D:2      | Reached skill level 7 in Axes
  1288 | D:2      | Reached XP level 4. HP: 8/39 MP: 4/4
  1288 | D:2      | Reached XP level 5. HP: 9/45 MP: 5/5
  1756 | D:3      | Noticed a phantom
  1959 | D:3      | Reached skill level 8 in Axes
  2166 | D:3      | Slain by a gnoll

Skill      XL: |  1  2  3  4  5 |
---------------+----------------+-----
Axes           | 5 7 8 |  8.3
Fighting       | |  3.6
Dodging        | |  2.4
Stealth        | |  1.5

Action                   |  1- 3 |  4- 6 || total
-------------------------+-------+-------++-------
Melee: Hand axe          |   149 |    78 ||   227
Throw: Stone             |    26 |     9 ||    35
 Stab: Sleeping          |     1 |       ||     1
  Eat: Chunk             |     1 |     3 ||     4
Armor: Robe              |     1 |       ||     1
       Ring mail         |     1 |       ||     1
       Chain mail        |   124 |    14 ||   138
       Plate armour      |       |    33 ||    33
Dodge: Dodged            |    66 |    15 ||    81
